 Dungeon Crawl Stone Soup version 0.31.0-32-g396128a36d (webtiles) character file.

Game seed: 16224595196869931447

3724 bpung the Mimic (level 9, -4/88 HPs)
             Began as a Troll Shapeshifter on Mar 29, 2024.
             Was an Initiate of Hepliaklqana.
             Slain by a vampire (8 damage)
             ... on level 7 of the Dungeon.
             The game lasted 00:20:14 (5977 turns).

bpung the Mimic (Troll Shapeshifter)                Turns: 5977, Time: 00:20:15

Health: -4/88      AC:  3    Str: 28    XL:     9   Next: 92%
Magic:  8/8        EV: 15    Int:  6    God:    Hepliaklqana [......]
Gold:   472        SH:  5    Dex:  9    Spells: 8/8 levels left

rFire   . .          .
                       - Unarmed
rCold   + . .        (shield currently unavailable)
rNeg    . . .        j - melded +1 robe
rPois   +            (helmet restricted)
rElec   +            y - +0 cloak of Oczul {rElec rPois rC+}
rCorr   .            (gloves unavailable)
SInv    .            (boots unavailable)
Will    .....        w - amulet of reflection
Stlth   +            (no ring)
HPRegen 1.14/turn    (no ring)
MPRegen 0.11/turn

%: reflection
@: flux-form, glowing
A: glow, contaminating, large, unfitting armour, claws 3, regeneration 1, shaggy
fur 1, tough skin 1, inability to read after injury 1
a: Begin Untransformation, Renounce Religion


You were on level 7 of the Dungeon.
You worshipped Hepliaklqana.
Hepliaklqana was noncommittal.
You were something dangerously unstable.
You visited 2 branches of the dungeon, and saw 8 of its levels.
You also visited: Sewer.

You collected 472 gold pieces.

Inventory:

Hand Weapons
 e - a +4 whip of protection
Missiles
 f - 11 boomerangs (quivered)
 n - 21 poisoned darts
Armour
 a - a +0 animal skin
 j - a +1 robe (melded)
 s - a scarf of shadows
 y - the +0 cloak of Oczul (worn) {rElec rPois rC+}
   (You found it on level 7 of the Dungeon)

   rC+:       It protects you from cold.
   rElec:     It insulates you from electricity.
   rPois:     It protects you from poison
Jewellery
 m - an amulet of faith
 w - an amulet of reflection (around neck)
Talismans
 c - a beast talisman
 d - a flux talisman (active)
Wands
 g - a wand of flame (21)
 p - a wand of paralysis (22)
 x - a wand of polymorph (5)
Scrolls
 b - a scroll of vulnerability
 h - 2 scrolls of enchant weapon
 i - 2 scrolls of teleportation
 l - a scroll of blinking
 o - 3 scrolls of identify
 r - 4 scrolls of fog
 t - a scroll of enchant armour
 u - 2 scrolls of torment
 v - a scroll of revelation
 A - a scroll of poison {unknown}
Potions
 k - a potion of brilliance {unknown}
 q - a potion of enlightenment
 z - a potion of magic


   Skills:
 + Level 5.3 Fighting
 + Level 5.6 Dodging
 + Level 7.2 Unarmed Combat
 * Level 8.6 Shapeshifting


You had 8 spell levels left.
You didn't know any spells.
Your spell library contained the following spells:

 Spells                   Type           Power      Damage    Failure   Level
 Sting                    Conj/Alch      0%         1d3       45%         1
 Call Imp                 Summ           0%         N/A       58%         2
 Jinxbite                 Hex            0%         N/A       58%         2
 Mercury Vapours          Alch/Air       0%         N/A       58%         2
 Sublimation of Blood     Necr           0%         N/A       58%         2
 Olgreb's Toxic Radiance  Alch           0%         N/A       99%         4
 Yara's Violent Unravell  Hex/Alch       0%         3d3       100%        5
 Enfeeble                 Hex            0%         N/A       100%        7
 Summon Hydra             Summ           0%         N/A       100%        7


Dungeon Overview and Level Annotations

Branches:
Dungeon (7/15)             Temple (1/1) D:7           Sewer (visited)

Altars:
Ashenzari
Cheibriados
Dithmenos
Elyvilon
Gozag
Hepliaklqana
Kikubaaqudgha
Makhleb
Nemelex Xobeh
Qazlal
Ru
Sif Muna
Trog
Uskayaw
Vehumet
Xom
Yredelemnul

Shops:
D:7 ?


Innate Abilities, Weirdness & Mutations

You are something dangerously unstable.
You glow with magical radiation, making you easy to see and hit.
Foes you strike become dangerously contaminated with magical radiation.
You are incapable of wielding weapons or throwing items.
You are too large for most types of armour.
You have claws for hands.
Your natural rate of healing is unusually fast.
You are covered in fur. (AC +1)
You have tough skin. (AC +1)
You occasionally lose the ability to read scrolls when taking damage.


Message History

You claw the howler monkey!
You kill the howler monkey!
You barely miss something. Something barely misses you.
You block something's attack.
You miss something. Something hits you but does no damage. Something bites you!
Something draws strength from your injuries!
You scratch something.
The vampire begins to glow.
The vampire is lightly damaged.
You barely miss the vampire.
The vampire is lightly damaged.
The vampire barely misses you. The vampire bites you!
The vampire draws strength from your injuries!
You scratch the vampire.
The vampire glows dangerously bright.
The vampire is lightly damaged.
The vampire misses you. The vampire barely misses you.
You scratch the vampire.
The vampire shudders as magic cascades through it.
Something hits you! Something barely misses you.
You closely miss something. Something hits you!
* * * LOW HITPOINT WARNING * * *
Something bites you.
* * * LOW HITPOINT WARNING * * *
Something draws strength from your injuries!
You closely miss something. Something hits you but does no damage.
Something bites you!
* * * LOW HITPOINT WARNING * * *
Something draws strength from your injuries!
You claw something!
The vampire begins to glow.
The vampire is lightly damaged.
The vampire hits you but does no damage.
The vampire closely misses you.
You scratch the vampire.
The vampire glows dangerously bright.
The vampire is moderately damaged.
The vampire barely misses you. The vampire bites you!
* * * LOW HITPOINT WARNING * * *
The vampire draws strength from your injuries!
You scratch the vampire.
The vampire shudders as magic cascades through it.
Something barely misses you. Something bites you!
You die...

≈≈....#
#.##.##...####.#
≈≈≈≈..# #.##.###.## #.#
≈≈≈≈≈.# #.##.# #.# #.#
≈≈≈≈≈.# #.##.# #.#
##.#### ≈≈≈≈≈.#
#.##.########.....#####
≈≈≈≈≈.#
#.##.##..'..##.........
≈≈≈≈..# #....#.)# #.
#........# ≈≈....#
####.#.8#[# #.##.###.#
......##########p##:#
####.# #.#
........∩.....'.{.#$#
#.# #.#
#..#...########8..#=+
#.# #.# ##.#####
##'##)# #.# #.# ...#
#.8#!# #.###.# ..## #..
##. #...... #.# ##. ..#
#####.# #.# ###########
#####.# #.# #......#..#
#......


There were no monsters in sight!

Vanquished Creatures
  A two-headed ogre (D:6)
  A shadow (D:7)
  2 ice beasts
  An orc warrior (D:7)
  A black bear (D:6)
  6 ogres
  2 centaurs
  A phantom (D:4)
  2 kobold brigands (D:6)
  A bullfrog (D:7)
  A gnoll sergeant (D:7)
  2 scorpions (D:4)
  A burial acolyte (D:7)
  6 killer bees (D:6)
  2 howler monkeys (D:7)
  A bombardier beetle (D:4)
  6 hounds
  A jelly (D:6)
  10 orc priests
  Jessica (D:3)
  2 sleepcaps
  Ijyb (D:4)
  3 iguanas
  2 orc wizards
  2 hound zombies (D:7)
  10 adders
  A river rat (Sewer)
  3 shadow imps
  3 white imps
  4 ufetubi
  An adder zombie (D:7)
  4 dart slugs
  2 ribbon worms
  32 orcs
  8 endoplasms
  6 giant cockroaches
  9 goblins
  9 hobgoblins
  5 jackals
  7 quokkas
  10 ball pythons
  10 bats
  11 frilled lizards
  3 gnoll zombies (D:7)
  7 kobolds
  A kobold zombie (D:7)
  8 rats
213 creatures vanquished.

Notes
Turn   | Place    | Note
-------+----------+-------------------------------------------
     0 | D:1      | bpung the Troll Shapeshifter began the quest for the Orb.
     0 | D:1      | Reached XP level 1. HP: 18/18 MP: 0/0
    96 | D:1      | Reached skill level 1 in Fighting
   125 | D:1      | Reached XP level 2. HP: 25/27 MP: 1/1
   408 | D:1      | Reached XP level 3. HP: 30/33 MP: 2/2
  1058 | D:2      | Found a basalt altar of Yredelemnul.
  1065 | D:2      | Identified the +3 leather armour of Vehumet's Delight
                  | {Harm}
  1364 | D:3      | Reached XP level 4. HP: 36/41 MP: 3/3
  1375 | D:3      | Reached XP level 5. HP: 18/49 MP: 4/4
  1395 | D:3      | Noticed an ogre
  1564 | D:3      | Noticed Jessica
  1571 | D:3      | Killed Jessica
  1572 | D:3      | Reached skill level 4 in Shapeshifting
  1619 | D:3      | Found a glowing drain.
  1623 | Sewer    | Entered a sewer
  1906 | Sewer    | Reached XP level 6. HP: 53/59 MP: 5/5
  2243 | D:3      | Gained mutation: You occasionally lose the ability to read
                  | scrolls when taking damage. [potion of mutation]
  2624 | D:4      | Reached XP level 7. HP: 39/66 MP: 6/6
  3055 | D:4      | Reached skill level 5 in Shapeshifting
  3081 | D:4      | Reached skill level 5 in Unarmed Combat
  3287 | D:4      | Noticed Ijyb
  3290 | D:4      | Killed Ijyb
  3342 | D:4      | Reached XP level 8. HP: 75/75 MP: 7/7
  3553 | D:5      | Entered Level 5 of the Dungeon
  3944 | D:5      | Reached skill level 6 in Shapeshifting
  4551 | D:6      | Noticed a two-headed ogre
  4556 | D:6      | HP: 2/78 [two-headed ogre/+0 giant club (15)]
  4557 | D:6      | Killed a two-headed ogre
  4558 | D:6      | Reached skill level 7 in Shapeshifting
  4558 | D:6      | Reached XP level 9. HP: 4/85 MP: 8/8
  4867 | D:6      | Reached skill level 5 in Dodging
  5251 | D:7      | Reached skill level 5 in Fighting
  5251 | D:7      | Reached skill level 8 in Shapeshifting
  5329 | D:7      | Found an ancient bone altar of Kikubaaqudgha.
  5495 | D:7      | Identified the +0 cloak of Oczul {rElec rPois rC+}
  5741 | D:7      | Found a staircase to the Ecumenical Temple.
  5797 | Temple   | Entered the Ecumenical Temple
  5815 | Temple   | Became a worshipper of Hepliaklqana the Forgotten
  5907 | D:7      | Found Rek Tef's Magic Scroll Shoppe.
  5976 | D:7      | HP: 3/88 [vampire (7)]
  5977 | D:7      | Slain by a vampire

Illustrated notes

Levels and vault maps discovered:
D:1:      minmay_arrival_hallway, layout_loops_ring
D:2:      layout_loops_ring, basic_altar
D:3:      layout_rooms, gup_sewer_entry_bowl, columned_hall_lemuel, uniq_jessica
D:4:      minmay_chambers_of_threes, layout_basic, minmay_box_of_dots, uniq_ijyb
D:5:      layout_loops_ring, serial_aquarium, aquarium_bridge_square
          [aquarium_subvault_bridge, aquarium_subvault_wall,
          aquarium_subvault_wall, aquarium_subvault_wall],
          aquarium_window_corridor_3, aquarium_window_1, aquarium_window_corner,
          aquarium_window_2, aquarium_view_2c, aquarium_balcony_3a
D:6:      layout_loops_ring, hangedman_abyss_or_decor_lesser_grid,
          minmay_between
D:7:      minmay_chambers_of_sixes, layout_loops_ring,
          regret_index_kikubaaqudgha_part_by_part,
          grunt_temple_overflow_cloverleaf, temple_pool_b, serial_shops, shop,
          solitary_fountain, dreamdust_princess_corridor,
          uniq_crazy_yiuf_cottage
Temple:   nicolae_temple_elliptical

Skill      XL: |  1  2  3  4  5  6  7  8  9 |
---------------+----------------------------+-----
Fighting       | 1 2 3 4 5 |  5.3
Dodging        | 2 3 4 5 |  5.6
Unarmed Combat | 4 5 6 7 |  7.2
Shapeshifting  | 4 5 7 8 |  8.6

Action                     |  1- 3 |  4- 6 |  7- 9 || total
---------------------------+-------+-------+-------++-------
  Melee: Whip              |    23 |       |       ||    23
         Unarmed           |    97 |   141 |   325 ||   563
         Punch             |     2 |     2 |     7 ||    11
    Use: Scroll            |     3 |     8 |     4 ||    15
         Potion            |     3 |     2 |     7 ||    12
   Stab: Sleeping          |     2 |       |     2 ||     4
 Armour: Animal skin       |    49 |       |       ||    49
         Robe              |    24 |    82 |   110 ||   216
         Skin              |       |       |   124 ||   124
  Dodge: Dodged            |    38 |    66 |   181 ||   285
  Block: Other             |       |       |    48 ||    48
         Reflection        |       |       |     3 ||     3
   Form: Beast             |     1 |       |       ||     1
         Flux              |       |       |     1 ||     1
